 Dungeon Crawl Stone Soup version 0.26-a0-771-g060e6a62af (webtiles) character file.

Game seed: 3251247907778311901

130 reriks the Skirmisher (level 5, -5/85 HPs)
             Began as an Ogre Berserker on Nov 8, 2020.
             Was a Believer of Trog.
             Slain by a goblin (6 damage)
             ... led by Robin
             ... on level 2 of the Dungeon.
             The game lasted 00:01:44 (1878 turns).

reriks the Skirmisher (Ogre Berserker)              Turns: 1878, Time: 00:01:44

Health: -5/85      AC:  3    Str: 22    XL:     5   Next: 13%
Magic:  5/5        EV: 10    Int: 14    God:    Trog [**....]
Gold:   37         SH:  0    Dex:  8    Spells: 4/4 levels left

rFire    . . .     SeeInvis .   a - +0 mace
rCold    . . .     Faith    .   (no shield)
rNeg     . . .     Spirit   .   b - +0 animal skin
rPois    .         Reflect  .   (helmet restricted)
rElec    .         Harm     .   (no cloak)
rCorr    .         Rampage  .   (gloves unavailable)
MR       .....                  (boots unavailable)
Stlth    ..........             (no amulet)
HPRegen  0.24/turn              f - ring of attention (curse)
MPRegen  0.09/turn              i - +6 ring of intelligence

@: berserking, very quick
A: large, unfitting armour, tough skin 1
a: Berserk, Trog's Hand, Renounce Religion


You were on level 2 of the Dungeon.
You worshipped Trog.
Trog was pleased with you.
You visited 1 branch of the dungeon, and saw 2 of its levels.

You collected 37 gold pieces.

Inventory:

Hand Weapons
 a - a +0 mace (weapon)
Missiles
 e - 6 javelins (quivered)
Armour
 b - a +0 animal skin (worn)
Jewellery
 f - a cursed ring of attention (left hand)
 i - a +6 ring of intelligence (right hand)
Scrolls
 d - a scroll of immolation
Potions
 c - 4 potions of heal wounds
 g - 2 potions of haste
 h - a potion of curing {unknown}


   Skills:
 + Level 5.0 Fighting
 + Level 3.4 Maces & Flails
 + Level 1.6 Armour
 + Level 3.5 Dodging


You had 4 spell levels left.
You didn't know any spells.
Your spell library was empty.

Dungeon Overview and Level Annotations

Branches:
Dungeon (2/15)

Altars:
Dithmenos
Hepliaklqana
Zin

Annotations:
D:2 Robin


Innate Abilities, Weirdness & Mutations

You are too large for most types of armour.
You have tough skin. (AC +1)


Message History

* * * LOW HITPOINT WARNING * * *
The goblin hits you.
* * * LOW HITPOINT WARNING * * *
The hobgoblin barely misses you. The goblin closely misses you.
The goblin hits you.
* * * LOW HITPOINT WARNING * * *
You thump the goblin!
You kill the goblin!
Trog accepts your kill. The goblin hits you.
* * * LOW HITPOINT WARNING * * *
The hobgoblin barely misses you. The goblin hits you.
* * * LOW HITPOINT WARNING * * *
The hobgoblin hits you with a +0 club!
* * * LOW HITPOINT WARNING * * *
The hobgoblin closely misses you. The goblin barely misses you.
You closely miss the goblin. The goblin hits you with a +0 club.
* * * LOW HITPOINT WARNING * * *
The goblin hits you.
You die...

### ...
............# ##
............#
............#
............#
............#
.......g....#
......gggb..#
......g@gg..##
##....ggg...$#
#.####.####...
.. ##.$...## ##
#..#.......#.#
#>##.#.....$.#.#
#........_.....#
#.#..#.......#.#
#..#.......#.#


You could see Robin, 5 hobgoblins, 4 goblins and a bat.

Vanquished Creatures
  Natasha (thrice) (D:2)
  An adder (D:2)
  A dart slug (D:1)
  2 leopard geckos
  3 ball pythons (D:1)
  2 giant cockroaches (D:1)
  5 goblins
  10 hobgoblins
  2 bats (D:1)
  A frilled lizard (D:1)
  6 kobolds (D:1)
  5 rats
41 creatures vanquished.

Notes
Turn   | Place    | Note
-------+----------+-------------------------------------------
     0 | D:1      | reriks the Ogre Berserker began the quest for the Orb.
     0 | D:1      | Reached XP level 1. HP: 24/24 MP: 1/1
    51 | D:1      | Reached XP level 2. HP: 13/32 MP: 2/2
   466 | D:1      | Reached XP level 3. HP: 39/40 MP: 3/3
  1011 | D:2      | Found a hazy altar of Hepliaklqana.
  1086 | D:2      | Reached ** piety under Trog
  1086 | D:2      | Reached skill level 1 in Armour
  1381 | D:2      | Noticed Natasha
  1388 | D:2      | Killed Natasha
  1388 | D:2      | Reached XP level 4. HP: 49/49 MP: 4/4
  1490 | D:2      | Noticed Natasha
  1495 | D:2      | Killed Natasha
  1505 | D:2      | Noticed Natasha
  1507 | D:2      | Found a shadowy altar of Dithmenos.
  1522 | D:2      | HP: 1/49 [Natasha (7)]
  1525 | D:2      | Killed Natasha
  1525 | D:2      | Reached skill level 5 in Fighting
  1525 | D:2      | Reached XP level 5. HP: 24/57 MP: 5/5
  1852 | D:2      | Found a glowing silver altar of Zin.
  1868 | D:2      | Noticed Robin
  1877 | D:2      | HP: 3/85 [hobgoblin/+0 club[Robin] (7)]
  1878 | D:2      | HP: 1/85 [goblin/+0 club[Robin] (3)]
  1878 | D:2      | Slain by a goblin

Illustrated notes

Levels and vault maps discovered:
D:1:      evilmike_arrival_crescent, layout_loops_ring,
          minmay_shallow_snake_nest
D:2:      layout_basic, old_standard_altar, old_standard_altar,
          nicolae_dithmenos_shadow_blocks, uniq_natasha, uniq_robin,
          uniq_crazy_yiuf_cottage, uniq_sigmund

Skill      XL: |  1  2  3  4 |
---------------+-------------+-----
Dodging        | 3 |  3.5
Maces & Flails | 3 |  3.4
Armour         | 1 |  1.6
Fighting       | 5 |  5.0

Action                   |  1- 3 |  4- 6 || total
-------------------------+-------+-------++-------
Melee: Mace              |    76 |    33 ||   109
Invok: Berserk           |     4 |     2 ||     6
  Use: Scroll            |     1 |       ||     1
       Potion            |       |     1 ||     1
 Stab: Sleeping          |     1 |       ||     1
Armor: Animal skin       |    31 |     8 ||    39
Dodge: Dodged            |    46 |    31 ||    77

Table legend: (Time is in decaauts)
 A = Elapsed time spent in this place.
 B = Non-inter-level travel time spent in this place.
 C = Inter-level travel time spent in this place.
 D = Time resting spent in this place.
 E = Time spent auto-exploring this place.
 F = Levels seen in this place.
 G = Mean time per level.
                   A        B        C        D        E       F      G
               +--------+--------+--------+--------+--------+-----+--------+
         Total |   1949 |   1913 |     36 |    880 |    726 |   2 |  974.5 |
       Dungeon |   1949 |   1913 |     36 |    880 |    726 |   2 |  974.5 |
               +--------+--------+--------+--------+--------+-----+--------+

Top non-repeatable levels by time:
     D:1: 1033 daAuts
     D:2: 916 daAuts
